 Dungeon Crawl Stone Soup version 0.24-a0-509-ga1643a6788 (webtiles) character file.

Game seed: 11059904664946939666

102 KristoblXynda the Chopper (level 4, -5/36 HPs)
             Began as a Draconian Skald on July 19, 2019.
             Slain by an iguana (7 damage)
             ... on level 3 of the Dungeon.
             The game lasted 00:02:36 (1756 turns).

KristoblXynda the Chopper (Draconian Skald)         Turns: 1756, Time: 00:02:37

Health: -5/36      AC:  5    Str: 13    XL:     4   Next: 50%
Magic:  5/7        EV: 12    Int: 15    God:
Gold:   33         SH:  0    Dex: 10    Spells: 3/7 levels left

rFire    . . .     SeeInvis .   a - +0 hand axe
rCold    . . .     Gourm    .   (no shield)
rNeg     . . .     Faith    .   (armour unavailable)
rPois    .         Spirit   .   (helmet restricted)
rElec    .         Reflect  .   (no cloak)
rCorr    .         Harm     .   (no gloves)
MR       .....                  (no boots)
Stlth    +.........             (no amulet)
HPRegen  0.12/turn              (no ring)
MPRegen  0.10/turn              (no ring)

@: infused
A: unfitting armour, cold-blooded, AC +5
a: no special abilities


You were on level 3 of the Dungeon.
You were hungry.

You visited 1 branch of the dungeon, and saw 3 of its levels.

You collected 33 gold pieces.

Inventory:

Hand Weapons
 a - a +0 hand axe (weapon)
Scrolls
 d - 2 scrolls of teleportation {unknown}
 f - 5 scrolls of identify {unknown}
 h - 2 scrolls of random uselessness {unknown}
 k - a scroll of magic mapping {unknown}
 l - a scroll of enchant armour {unknown}
Potions
 b - a potion of flight {unknown}
 e - a potion of curing
 g - 2 potions of invisibility {unknown}
 i - a potion of agility {unknown}
 j - 2 potions of brilliance {unknown}
Comestibles
 c - 6 rations


   Skills:
 - Level 2.1 Fighting
 * Level 3.6 Axes
 + Level 2.9 Dodging
 - Level 2.0 Spellcasting
 + Level 3.3 Charms


You had 3 spell levels left.
You knew the following spells:

 Your Spells              Type           Power        Failure   Level  Hunger
a - Infusion              Chrm           ##..         5%          1    #......
b - Regeneration          Chrm/Necr      #.........   32%         3    ###....

Your spell library contained the following spells:

 Spells                   Type           Power        Failure   Level  Hunger
 Song of Slaying          Chrm           ##......     9%          2    ###....
 Shroud of Golubria       Chrm/Tloc      #.....       17%         2    ###....
 Spectral Weapon          Hex/Chrm       #.......     32%         3    ###....


Dungeon Overview and Level Annotations

Branches:
Dungeon (3/15)

Altars:


Innate Abilities, Weirdness & Mutations

Your plain brown scales are hard. (AC +5)
You cannot fit into any form of body armour.
You are cold-blooded and may be slowed by cold attacks.


Message History

You kill the bat!
You hit the iguana but do no damage.
The iguana is heavily wounded.
The iguana barely misses you. The iguana bites you!
* * * LOW HITPOINT WARNING * * *
You hit the iguana.
The iguana is severely wounded.
The iguana barely misses you.
You hit the iguana.
You tail-slap the iguana, but do no damage.
The iguana is severely wounded.
The iguana bites you.
* * * LOW HITPOINT WARNING * * *
You hit the iguana.
The iguana is severely wounded.
The iguana closely misses you.
You barely miss the iguana.
The iguana is severely wounded.
The iguana bites you!
You die...

#######.....
............
[............
.(...........
............. #
......<####.# #.##
.......# #.# ##>....
.......# #.#####.$.####
.......####....l@.......
............#####.#.####
.......###### .#
.......# .# ######## .#
##


You could see an iguana.

Vanquished Creatures
  Jessica (D:2)
  Terence (D:2)
  2 oozes
  A worm (D:2)
  A leopard gecko (D:1)
  2 ball pythons
  3 giant cockroaches
  4 hobgoblins
  2 jackals (D:1)
  A quokka (D:3)
  5 bats
  3 frilled lizards
  7 goblins
  4 kobolds
  5 rats
42 creatures vanquished.

Notes
Turn   | Place    | Note
-------+----------+-------------------------------------------
     0 | D:1      | KristoblXynda the Draconian Skald began the quest for the
                  | Orb.
     0 | D:1      | Reached XP level 1. HP: 17/17 MP: 3/3
   435 | D:1      | Reached XP level 2. HP: 11/24 MP: 5/5
   863 | D:1      | Reached XP level 3. HP: 23/29 MP: 6/6
  1325 | D:2      | Noticed Jessica
  1342 | D:2      | Killed Jessica
  1342 | D:2      | Reached XP level 4. HP: 32/36 MP: 2/7
  1502 | D:2      | Noticed Terence
  1514 | D:2      | Killed Terence
  1524 | D:2      | Learned a level 3 spell: Regeneration
  1756 | D:3      | Slain by an iguana

Levels and vault maps discovered:
D:1:      wheals_arrival_linesprint, layout_rooms
D:2:      layout_rooms, minmay_circle_x, uniq_terence, uniq_jessica
D:3:      layout_basic, hangedman_abyss_or_decor_lesser_grid

Skill      XL: |  1  2  3 |
---------------+----------+-----
Charms         | 3 |  3.3
Axes           | 3 |  3.6
Fighting       | |  2.1
Dodging        | |  2.9
Spellcasting   | |  2.0

Action                   |  1- 3 |  4- 6 || total
-------------------------+-------+-------++-------
Melee: Hand axe          |   114 |    44 ||   158
       Tailslap          |    15 |     4 ||    19
 Cast: Infusion          |     2 |     3 ||     5
  Use: Potion            |       |     1 ||     1
  Eat: Chunk             |     1 |     1 ||     2
Armor: Skin              |    46 |    16 ||    62
Dodge: Dodged            |    83 |    32 ||   115

Table legend:
 A = Non-vault XP
 B = Vault XP
 C = Vault XP percentage of total XP
 D = Non-vault monster count
 E = Vault monster count
 F = Vault count percentage of total count
                 A         B        C        D         E       F
            +---------+---------+-------+---------+---------+-------
      Total |      73 |      74 |  50.3 |      36 |       6 |  14.3
            +---------+---------+-------+---------+---------+-------
        D:1 |      46 |       0 |   0.0 |      25 |       0 |   0.0
        D:2 |      22 |      74 |  77.1 |       8 |       6 |  42.9
        D:3 |       5 |       0 |   0.0 |       3 |       0 |   0.0
            +---------+---------+-------+---------+---------+-------
